 Dungeon Crawl Stone Soup version 0.25-a0-730-g633e9c3c14 (webtiles) character file.

Game seed: 13122064249319580465, levelgen mode: deterministic

8 vurker the Gusty (level 2, 12/16 HPs)
             Began as a Tengu Air Elementalist on Apr 7, 2020.
             Quit the game on level 1 of the Dungeon.
             The game lasted 00:00:33 (156 turns).

vurker the Gusty (Tengu Air Elementalist)            Turns: 156, Time: 00:00:34

Health: 12/16      AC:  2    Str:  8    XL:     2   Next: 8%
Magic:  0/6        EV: 14    Int: 15    God:
Gold:   11         SH:  0    Dex: 14    Spells: 4/5 levels left

rFire    . . .     SeeInvis .   (no weapon)
rCold    . . .     Gourm    .   (no shield)
rNeg     . . .     Faith    .   a - +0 robe
rPois    .         Spirit   .   (helmet restricted)
rElec    .         Reflect  .   c - scarf {repulsion}
rCorr    .         Harm     .   (no gloves)
MR       .....                  (boots unavailable)
Stlth    ++........             (no amulet)
HPRegen  0.05/turn              f - +2 ring of evasion
MPRegen  0.10/turn              (no ring)

@: repel missiles
A: beak, talons 3
a: no special abilities


You were on level 1 of the Dungeon.
You were not hungry.

You visited 1 branch of the dungeon, and saw 1 of its levels.

You collected 11 gold pieces.

Inventory:

Armour
 a - a +0 robe (worn)
 c - a scarf of repulsion (worn)
   (You found it on level 1 of the Dungeon)
Jewellery
 f - a +2 ring of evasion (left hand)
   (You found it on level 1 of the Dungeon)
Scrolls
 b - a scroll of teleportation {unknown}
 d - a scroll of fear {unknown}
 g - a scroll of magic mapping {unknown}
Comestibles
 e - a ration


   Skills:
 + Level 0.4 Fighting
 - Level 2.1 Dodging
 - Level 2.0 Stealth
 * Level 2.1 Spellcasting
 * Level 1.9 Conjurations
 * Level 4.2 Air Magic


You had 4 spell levels left.
You knew the following spells:

 Your Spells              Type           Power        Failure   Level  Hunger
a - Shock                 Conj/Air       ##..         6%          1    #......

Your spell library contained the following spells:

 Spells                   Type           Power        Failure   Level  Hunger
 Swiftness                Chrm/Air       #.......     14%         2    ###....
 Static Discharge         Conj/Air       ##......     19%         3    ###....
 Airstrike                Air            ##........   36%         4    #####..
 Lightning Bolt           Conj/Air       ##........   86%         5    ######.


Dungeon Overview and Level Annotations

Branches:
Dungeon (1/15)

Altars:


Innate Abilities, Weirdness & Mutations

You have a beak for a mouth.
You have claws for feet.


Message History

Your kick misses the giant cockroach. Your peck misses the giant cockroach.
The giant cockroach bites you but does no damage.
You hit the giant cockroach. Your peck misses the giant cockroach.
The giant cockroach misses you.
You closely miss the giant cockroach.
The giant cockroach closely misses you. x2
You closely miss the giant cockroach. Your kick misses the giant cockroach.
The giant cockroach completely misses you.
Aim: a giant cockroach (heavily wounded)
The zap hits the giant cockroach.
The giant cockroach closely misses you.
You don't have enough magic to cast that spell.
You barely miss the giant cockroach. Your kick misses the giant cockroach.
The giant cockroach barely misses you.
You hit the giant cockroach.
You claw the giant cockroach, but do no damage.
The giant cockroach bites you.
You closely miss the giant cockroach.
You claw the giant cockroach, but do no damage.
The giant cockroach misses you. The giant cockroach barely misses you.
You barely miss the giant cockroach. Your kick misses the giant cockroach.
The giant cockroach closely misses you.
You hit the giant cockroach but do no damage.
Your kick misses the giant cockroach. The giant cockroach bites you.
You hit the giant cockroach but do no damage.
Your peck misses the giant cockroach. The giant cockroach barely misses you.
Aim: a giant cockroach (severely wounded)
The zap misses the giant cockroach.
The giant cockroach barely misses you.
You don't have enough magic to cast that spell.
You hit the giant cockroach but do no damage.
Your kick misses the giant cockroach. Your peck misses the giant cockroach.
The giant cockroach completely misses you.
The giant cockroach closely misses you.
You barely miss the giant cockroach. Your peck misses the giant cockroach.
The giant cockroach closely misses you.
You hit the giant cockroach but do no damage.
You claw the giant cockroach.
You kill the giant cockroach!
You have reached level 2!
The kobold is too close now for your liking.
A kobold is nearby!
A kobold is nearby!
Aim: a kobold (hasn't noticed you)
The zap hits the kobold.
Aim: a kobold (moderately wounded)
The zap hits the kobold.
You kill the kobold!
You don't have enough magic to cast that spell.
A hobgoblin comes into view.
A hobgoblin is nearby!
A hobgoblin is nearby!
You don't have enough magic to cast that spell.

#.....#.......# #.....
#...g.#.......# #.....
#...†.#.......# #.....
#.....#.......# #.....
#.....#.......###.....
#.....##..............
#.....##......#####
#.....##......#
#....@##......#
#.............#
#.............#
#.....)..####.#
#.....†..# .#
#........# .#
#........# #........#
#........#


You could see a hobgoblin (wandering).

Vanquished Creatures
  A dart slug (D:1)
  A leopard gecko (D:1)
  A giant cockroach (D:1)
  A frilled lizard (D:1)
  2 kobolds (D:1)
6 creatures vanquished.

Notes
Turn   | Place    | Note
-------+----------+-------------------------------------------
     0 | D:1      | vurker the Tengu Air Elementalist began the quest for the
                  | Orb.
     0 | D:1      | Reached XP level 1. HP: 10/10 MP: 4/4
   137 | D:1      | Reached XP level 2. HP: 10/15 MP: 0/6
   156 | D:1      | Quit the game

Levels and vault maps discovered:
D:1:      dpeg_arrival_subterranean_lakeside_camping, layout_basic,
          minmay_crystal_water

Action                   || total
-------------------------++-------
Melee: Unarmed           ||    17
       Kick              ||     6
       Peck              ||     2
 Cast: Shock             ||     9
Armor: Robe              ||     1
Dodge: Dodged            ||    18

Table legend:
 A = Non-vault XP
 B = Vault XP
 C = Vault XP percentage of total XP
 D = Non-vault monster count
 E = Vault monster count
 F = Vault count percentage of total count
                 A         B        C        D         E       F
            +---------+---------+-------+---------+---------+-------
      Total |      12 |       0 |   0.0 |       6 |       0 |   0.0
            +---------+---------+-------+---------+---------+-------
        D:1 |      12 |       0 |   0.0 |       6 |       0 |   0.0
            +---------+---------+-------+---------+---------+-------
